[Event "Titled Tuesday Blitz August 24 2021"]
[White "Demchenko, Anton"]
[Black "De Silva, L M S T"]
[WhiteFideId "4160258"]
[BlackFideId "9953698"]
[WhiteElo "2583"]
[BlackElo "1621"]
[Result "1-0"]
[Round "04"]
[TimeControl "180+1"]
[Date "2021.08.24"]
[WhiteClock "0:00:16"]
[BlackClock "0:00:03"]

1. e4 e5 2. Nf3 Nc6 3. Nc3 Nf6 4. g3 d5 5. exd5 Nxd5 6. Bg2 Nxc3 7. bxc3 Bd6 8. O-O O-O 9. d4 Bg4 10. h3 Bh5 11. g4 Bg6 12. Rb1 Rb8 13. Bg5 f6 14. Be3 Re8 15. Nh4 Bf7 16. a4 exd4 17. cxd4 Ne7 18. Qd3 Nd5 19. c4 Nxe3 20. fxe3 c5 21. Nf5 cxd4 22. exd4 Bg6 23. c5 Bc7 24. Rxb7 Rxb7 25. Bxb7 Kh8 26. Bc6 Bxf5 27. gxf5 Re5 28. Rd1 Re7 29. d5 Bf4 30. d6 Re3 31. Qd4 Rg3+ 32. Kf2 Be5 33. Qb4 Rxh3 34. Rb1 Rh2+ 35. Kg1 Rc2 36. Qb8 Rc1+ 37. Kg2 Rc2+ 38. Kf3 Rc3+ 39. Ke2 Rc2+ 40. Kd3 Rc3+ 41. Kd2 Qg8 42. Qxg8+ Kxg8 43. Rb8+ Kf7 44. Bd5# 1-0


[Site "https://www.chess.com"]

[Event "Titled Tuesday Blitz August 24 2021"]
[White "Dobrowolski, Piotr"]
[Black "Zubov, Alexander"]
[WhiteFideId "1106236"]
[BlackFideId "14109409"]
[WhiteElo "2296"]
[BlackElo "2740"]
[Result "1/2-1/2"]
[Round "04"]
[TimeControl "180+1"]
[Date "2021.08.24"]
[WhiteClock "0:00:03"]
[BlackClock "0:00:10"]

1. e4 c5 2. c3 Nf6 3. e5 Nd5 4. d4 cxd4 5. Nf3 e6 6. cxd4 d6 7. Bc4 Nc6 8. O-O Be7 9. exd6 Qxd6 10. Nc3 O-O 11. Re1 Rd8 12. Bb3 Qc7 13. Nxd5 exd5 14. Ne5 Nxe5 15. dxe5 Be6 16. Qd3 Qb6 17. Bd2 Bc5 18. Qg3 d4 19. Bg5 Rd7 20. Bf6 Bf8 21. Re4 Bf5 22. Rf4 Bg6 23. h4 Kh8 24. e6 fxe6 25. Be5 Bd6 26. Re1 Bxe5 27. Rxe5 d3 28. Rxe6 Qxb3 29. axb3 d2 30. Rd6 d1=Q+ 31. Rxd1 Rxd1+ 32. Kh2 Rd5 33. Rg4 Rad8 34. Rg5 R5d7 35. h5 Bc2 36. h6 Bg6 37. Qe5 Kg8 38. Qe6+ Kh8 39. hxg7+ Kxg7 40. f4 Rd6 41. Qe5+ Kf8 42. f5 Bf7 43. f6 R8d7 44. Qg3 Rxf6 45. Qb8+ Ke7 46. Re5+ Re6 47. Rxe6+ Bxe6 48. Qxa7 Bf5 49. Qc5+ Kf6 50. Qc3+ Kg6 51. Qf3 h5 52. Qg3+ Bg4 53. Qe5 Kf7 54. Kg3 Kf8 55. Kf4 Re7 56. Qd6 Kf7 57. Kg5 Rd7 58. Qf4+ Ke8 59. Qe5+ Kd8 60. Qb8+ Ke7 61. Qg8 Kd6 62. Qf8+ Kc7 63. Qc5+ Kb8 64. Kf6 Rd1 65. Qe5+ Kc8 66. b4 Rd7 67. b5 b6 68. Qe4 Rd6+ 69. Ke7 Rd7+ 70. Kf6 Rd6+ 71. Kg5 Kd7 72. Qb7+ Ke6 73. Qe4+ Kf7 74. Qf4+ Ke6 75. Qf6+ Kd5 76. Qf2 Kc4 77. Qf4+ Kc5 78. b4+ Kd5 79. Qd2+ Ke6 80. Qe3+ Kd5 81. Kf4 Rf6+ 82. Kg3 Re6 83. Qd3+ Ke5 84. Qe3+ Kd5 85. Qd2+ Kc4 86. Qa2+ Kxb4 87. Qb2+ Kc5 88. Qb3 Re2 89. Kf4 Re6 90. g3 Re2 91. Qb1 Re6 92. Qb3 Re2 93. Qb1 Re6 94. Qb3 1/2-1/2


[Site "https://www.chess.com"]

[Event "Titled Tuesday Blitz August 24 2021"]
[White "Drozdowski, Kacper"]
[Black "Trent, Lawrence"]
[WhiteFideId "1136720"]
[BlackFideId "408638"]
[WhiteElo "2507"]
[BlackElo "2474"]
[Result "0-1"]
[Round "04"]
[TimeControl "180+1"]
[Date "2021.08.24"]
[WhiteClock "0:00:23"]
[BlackClock "0:00:11"]

1. e4 e5 2. Nf3 Nc6 3. Bb5 a6 4. Ba4 Nf6 5. d3 d6 6. c4 g6 7. Nc3 Bg7 8. h3 O-O 9. O-O Bd7 10. Nd5 Nxd5 11. cxd5 Ne7 12. Bxd7 Qxd7 13. Be3 c6 14. dxc6 Nxc6 15. Rc1 d5 16. Qb3 Rfd8 17. Rc5 dxe4 18. dxe4 Rab8 19. Rd5 Qe8 20. Rfd1 Rxd5 21. exd5 Nd4 22. Bxd4 exd4 23. d6 Rd8 24. Re1 Qc6 25. Re7 Qc1+ 26. Kh2 Qf4+ 27. g3 Qf6 28. Qxb7 d3 29. Kg2 Qxb2 30. Qc7 Qb8 31. Qxb8 Rxb8 32. d7 Kf8 33. Re3 Rd8 34. Rxd3 Ke7 35. Ra3 Ra8 36. Ng5 h6 37. Re3+ Kf8 38. Ne4 Rd8 39. Ra3 Rxd7 40. Rxa6 Bd4 41. h4 Kg7 42. Kf3 Rc7 43. Ke2 h5 44. Kd3 Be5 45. a4 Rd7+ 46. Ke2 Rd4 47. Ng5 Bf6 48. Nf3 Rb4 49. a5 Ra4 50. Ra8 Ra2+ 51. Ke3 Be7 52. Ne5 Bc5+ 53. Ke4 Bxf2 54. a6 Bxg3 55. Nf3 Ra4+ 56. Ke3 Bxh4 57. a7 Bg3 58. Nd4 Bc7 59. Nb5 Bb6+ 60. Kf3 h4 61. Rb8 Bxa7 62. Ra8 Ra5 63. Nxa7 g5 64. Kg4 Kf6 65. Kh5 h3 66. Kg4 h2 67. Rh8 Rxa7 68. Rxh2 Kg6 69. Rf2 Ra4+ 70. Kg3 f5 71. Rc2 Kh5 72. Kg2 Kg4 73. Kh2 f4 74. Kg2 Ra3 75. Kf2 Rg3 76. Kf1 Rh3 77. Kg2 Re3 78. Kf2 Re7 79. Kg2 f3+ 80. Kf2 Re2+ 81. Rxe2 fxe2 82. Kxe2 Kh3 83. Kf2 g4 84. Kg1 Kg3 85. Kh1 Kf2 86. Kh2 g3+ 0-1


[Site "https://www.chess.com"]

[Event "Titled Tuesday Blitz August 24 2021"]
[White "Erdogmus, Yagiz Kaan"]
[Black "Taboas Rodriguez, Daniel"]
[WhiteFideId "44599790"]
[BlackFideId "2208466"]
[WhiteElo "1783"]
[BlackElo "2429"]
[Result "0-1"]
[Round "04"]
[TimeControl "180+1"]
[Date "2021.08.24"]
[WhiteClock "0:00:06"]
[BlackClock "0:00:30"]

1. e4 e6 2. d4 d5 3. Nd2 Nc6 4. Ngf3 Nf6 5. e5 Ne4 6. Bd3 Nxd2 7. Bxd2 Nb4 8. Be2 c5 9. c3 Nc6 10. dxc5 Bxc5 11. O-O O-O 12. Bd3 f6 13. b4 Bb6 14. b5 Nxe5 15. Nxe5 fxe5 16. Qe2 e4 17. Bc2 Qf6 18. Bb3 Qe5 19. Rae1 Bd7 20. c4 Rae8 21. Bb4 Rf6 22. Rd1 d4 23. c5 Bc7 24. g3 d3 25. Qe1 Bxb5 26. Bc3 Qf5 27. Bxf6 gxf6 28. Qe3 Bc6 29. Bc4 Kh8 30. f3 exf3 31. Bxd3 Qh5 32. Be4 Bxe4 33. Qxe4 Qxc5+ 34. Kh1 f2 35. Rd7 Re7 36. Rxe7 Qxe7 37. Rxf2 Be5 38. Rc2 Qd7 39. Kg2 Bd4 40. Rd2 e5 41. Qh4 Qc6+ 42. Kh3 Qe6+ 43. g4 Kg7 44. Rc2 Bb6 45. Qg3 e4 46. Qf4 e3 47. Re2 h5 48. Kg3 Qd5 49. gxh5 Qxh5 50. Qe4 Qxe2 51. Qe7+ Kg6 52. Qe4+ Kg5 53. Qf4+ Kg6 54. Qe4+ Kf7 55. Qh7+ Ke6 56. Qe4+ Kd6 57. Qf4+ Kd5 58. Qf5+ Kd4 59. Qxf6+ Kd3 60. Qg6+ Kd2 61. Qd6+ Qd3 62. Qb4+ Kc2 63. Qa4+ Kb2 64. Qb4+ Kxa2 65. Qa4+ Kb2 66. Qb4+ Kc2 67. Qa4+ Qb3 68. Qe4+ Kb2 69. Qe5+ Ka2 70. Kf3 e2+ 71. Kxe2 Qb2+ 72. Qxb2+ Kxb2 73. Kd3 a5 74. h4 a4 75. h5 a3 76. h6 Bd8 77. h7 Bf6 78. Kc4 a2 79. Kb4 a1=Q 80. h8=Q Bxh8 81. Kb5 Qa6+ 82. Kb4 Qa3+ 83. Kc4 Qb3+ 84. Kc5 b5 85. Kb6 b4 86. Ka5 Qa3+ 87. Kb6 b3 88. Kb5 Ka2 89. Kc4 b2 90. Kd5 b1=Q 91. Kc4 Qe4+ 92. Kb5 Qab4+ 93. Ka6 Qa8# 0-1


[Site "https://www.chess.com"]

[Event "Titled Tuesday Blitz August 24 2021"]
[White "Eynullayev, Altay"]
[Black "Kononenko, Dmitry"]
[WhiteFideId "13413562"]
[BlackFideId "14113538"]
[WhiteElo "2079"]
[BlackElo "2276"]
[Result "1-0"]
[Round "04"]
[TimeControl "180+1"]
[Date "2021.08.24"]
[WhiteClock "0:00:21"]
[BlackClock "0:00:16"]

1. e4 c6 2. d4 d5 3. e5 Bf5 4. Nf3 e6 5. Be2 Ne7 6. O-O c5 7. Na3 a6 8. dxc5 Nbc6 9. Be3 Ng6 10. c4 Ngxe5 11. Nxe5 Nxe5 12. cxd5 Qxd5 13. Qa4+ Nc6 14. Bf3 Qd7 15. Rfd1 Qc8 16. Nc4 Qc7 17. Bf4 Qxf4 18. Bxc6+ Ke7 19. Bxb7 Rb8 20. c6 Kf6 21. Qb3 Bc5 22. Qc3+ e5 23. Ne3 Bd4 24. Nd5+ Kg5 25. Nxf4 Bxc3 26. bxc3 Kxf4 27. f3 Bc8 28. Rab1 Bf5 29. Rb4+ Kg5 30. Kf2 a5 31. Rb5 Kf6 32. Rxa5 Be6 33. a4 Rhe8 34. Rd6 Re7 35. Rb5 Rc7 36. a5 Ke7 37. Rd2 Bc4 38. Rb6 Rxc6 39. Bxc6 Rc8 40. a6 Ke6 41. a7 Kf6 42. a8=Q Rxa8 43. Bxa8+ Be6 44. Bd5 g5 45. Bxe6 fxe6 46. c4 g4 47. c5 h5 48. c6 e4 49. c7 e3+ 50. Kxe3 h4 51. c8=Q h3 52. Qxe6+ Kg5 53. Rd5+ Kh4 54. Qxg4# 1-0


[Site "https://www.chess.com"]

[Event "Titled Tuesday Blitz August 24 2021"]
[White "Eynullayev, Atilla"]
[Black "Skliarov, Viktor"]
[WhiteFideId "13413570"]
[BlackFideId "14106736"]
[WhiteElo "1997"]
[BlackElo "2281"]
[Result "0-1"]
[Round "04"]
[TimeControl "180+1"]
[Date "2021.08.24"]
[WhiteClock "0:00:02"]
[BlackClock "0:00:40"]

1. e4 c5 2. Nf3 Nc6 3. Bb5 e6 4. O-O Nge7 5. Re1 Nd4 6. Bf1 Nxf3+ 7. Qxf3 Ng6 8. c3 Be7 9. d4 cxd4 10. cxd4 O-O 11. Nc3 b6 12. Be3 Bb7 13. Qe2 f5 14. exf5 Rxf5 15. d5 Bxd5 16. Nxd5 Rxd5 17. g3 Rc8 18. Bg2 Rf5 19. Rad1 Bc5 20. Bh3 Re5 21. Qf3 Bxe3 22. Rxe3 Rxe3 23. Qxe3 Nf8 24. Qa3 Qf6 25. Rd2 Rc1+ 26. Kg2 Qg5 27. Qd3 Qe5 28. Re2 Qc5 29. Bg4 Qc4 30. Qe3 Qxg4 31. Qxc1 Qxe2 0-1


[Site "https://www.chess.com"]

[Event "Titled Tuesday Blitz August 24 2021"]
[White "Farahat, Ali"]
[Black "Timmermans, Mark"]
[WhiteFideId "10600507"]
[BlackFideId "1026399"]
[WhiteElo "2321"]
[BlackElo "2460"]
[Result "1/2-1/2"]
[Round "04"]
[TimeControl "180+1"]
[Date "2021.08.24"]
[WhiteClock "0:00:21"]
[BlackClock "0:00:05"]

1. e4 e5 2. Nf3 Nc6 3. Nc3 Nf6 4. Bb5 Bd6 5. O-O O-O 6. d3 Re8 7. a3 Bf8 8. Re1 d6 9. h3 a6 10. Bc4 Be6 11. Nd5 Bxd5 12. Bxd5 Nxd5 13. exd5 Ne7 14. d4 Nxd5 15. dxe5 dxe5 16. Nxe5 Qd6 17. Nf3 Rxe1+ 18. Qxe1 Nf6 19. Bg5 Re8 20. Qd1 Ne4 21. Be3 Qg6 22. Qd3 h6 23. Re1 Nd6 24. Qxg6 fxg6 25. Bf4 Rd8 26. a4 g5 27. Bxd6 Bxd6 28. Kf1 Kf7 29. b3 Kf6 30. Re4 Be7 31. Ke2 Bd6 32. g4 Bf4 33. Rd4 Re8+ 34. Kd3 b6 35. c4 a5 36. Rd7 Bd6 37. Nd4 Re1 38. Nf5 Rh1 39. Ke4 Bf4 40. Rxg7 Rxh3 41. Rh7 Rxb3 42. Rxh6+ Kf7 43. Nd4 Rb4 44. Kf5 Rxc4 45. Ne6 Ke7 46. Rh7+ Kd6 47. Nxf4 Rxf4+ 48. Kxg5 Rxf2 49. Kh6 Rh2+ 50. Kg6 Rg2 51. g5 c5 52. Kf6 c4 53. g6 c3 54. Rh3 c2 55. Rd3+ Kc5 56. Rc3+ Kb4 57. Rc6 Kxa4 58. g7 b5 59. Rxc2 Rxg7 60. Kxg7 Kb3 61. Rc5 Kb4 62. Rc8 a4 63. Kf6 a3 64. Ke5 a2 65. Ra8 Kb3 66. Kd4 b4 67. Kd3 Kb2 68. Ra4 b3 69. Kc4 Kc2 70. Ra3 b2 71. Rxa2 Kc1 72. Rxb2 Kxb2 1/2-1/2


[Site "https://www.chess.com"]

[Event "Titled Tuesday Blitz August 24 2021"]
[White "Gelman, Alexander"]
[Black "Praggnanandhaa R"]
[WhiteFideId "4118316"]
[BlackFideId "25059530"]
[WhiteElo "2375"]
[BlackElo "2555"]
[Result "0-1"]
[Round "04"]
[TimeControl "180+1"]
[Date "2021.08.24"]
[WhiteClock "0:00:12"]
[BlackClock "0:01:09"]

1. d4 Nf6 2. Nc3 d5 3. Bf4 a6 4. e3 Bf5 5. f3 h5 6. Bd3 Bxd3 7. cxd3 e6 8. Nh3 Nc6 9. Ng5 h4 10. Qb3 Rb8 11. Rc1 Nh5 12. Nh3 Be7 13. e4 Nxd4 14. Qa4+ Nc6 15. Bd2 Qd7 16. O-O dxe4 17. Nxe4 Nd4 18. Qd1 Nf5 19. Bc3 Nf6 20. Qe2 Nd5 21. Bd2 Nb4 22. Nf4 Rd8 23. a3 Nc6 24. Kh1 Ncd4 25. Qd1 e5 26. Ne2 c6 27. Nxd4 Qxd4 28. Bc3 Qd5 29. f4 Ne3 30. Qf3 Nxf1 31. Rxf1 Qxd3 32. Qg4 Qxf1# 0-1


[Site "https://www.chess.com"]

[Event "Titled Tuesday Blitz August 24 2021"]
[White "Golubev, Mikhail"]
[Black "Srihari L R"]
[WhiteFideId "14100983"]
[BlackFideId "46617116"]
[WhiteElo "2374"]
[BlackElo "2121"]
[Result "0-1"]
[Round "04"]
[TimeControl "180+1"]
[Date "2021.08.24"]
[WhiteClock "0:00:08"]
[BlackClock "0:01:32"]

1. e4 c5 2. Nf3 Nc6 3. Nc3 e6 4. d4 cxd4 5. Nxd4 Nf6 6. Ndb5 d6 7. Bf4 e5 8. Bg5 a6 9. Na3 b5 10. Bxf6 gxf6 11. Nd5 Bg7 12. c3 f5 13. exf5 Bxf5 14. Nc2 O-O 15. Nce3 Be6 16. Bd3 f5 17. O-O Ra7 18. a4 bxa4 19. Qxa4 Ne7 20. Nxe7+ Qxe7 21. Bc4 f4 22. Bxe6+ Qxe6 23. Qc4 Qxc4 24. Nxc4 d5 25. Nb6 d4 26. cxd4 e4 27. d5 Bxb2 28. Ra4 e3 29. fxe3 fxe3 30. Re1 Re7 31. Re2 Ref7 32. h4 Be5 33. g3 Rf1+ 34. Kg2 R8f2+ 35. Rxf2 Rxf2+ 36. Kh3 e2 37. Re4 Bc3 38. d6 e1=Q 39. Rxe1 Bxe1 40. d7 Rd2 41. Kg4 Bf2 0-1


[Site "https://www.chess.com"]

[Event "Titled Tuesday Blitz August 24 2021"]
[White "Grafil, Franz Robert"]
[Black "Tiglon, Bryce"]
[WhiteFideId "5205298"]
[BlackFideId "2087456"]
[WhiteElo "2211"]
[BlackElo "2820"]
[Result "1-0"]
[Round "04"]
[TimeControl "180+1"]
[Date "2021.08.24"]
[WhiteClock "0:00:24"]
[BlackClock "0:00:20"]

1. d4 d5 2. c4 e6 3. Nf3 Nf6 4. g3 dxc4 5. Bg2 Nc6 6. O-O Rb8 7. e3 b5 8. b3 cxb3 9. axb3 Bb7 10. Qe2 a6 11. Bb2 Nb4 12. Rc1 Bd6 13. Nbd2 Ne4 14. Ne5 Nxd2 15. Qxd2 O-O 16. Bxb7 Rxb7 17. Nc6 Nxc6 18. Rxc6 Qg5 19. Raxa6 Qd5 20. Qd3 f5 21. Rc1 h5 22. Qd1 g6 23. Ba3 b4 24. Bb2 h4 25. Rc4 Kf7 26. Qf1 Rh8 27. Qg2 g5 28. f3 hxg3 29. hxg3 g4 30. e4 gxf3 31. exd5 fxg2 32. dxe6+ Kxe6 33. d5+ 1-0


[Site "https://www.chess.com"]

[Event "Titled Tuesday Blitz August 24 2021"]
[White "Harshavardhan G B"]
[Black "Tristan, Leonardo"]
[WhiteFideId "25059009"]
[BlackFideId "113816"]
[WhiteElo "1825"]
[BlackElo "2404"]
[Result "0-1"]
[Round "04"]
[TimeControl "180+1"]
[Date "2021.08.24"]
[WhiteClock "0:00:18"]
[BlackClock "0:00:12"]

1. f4 e5 2. fxe5 d6 3. exd6 Bxd6 4. Nf3 g5 5. g3 g4 6. Nh4 Ne7 7. Bg2 Ng6 8. Nxg6 hxg6 9. Kf2 Nc6 10. e3 Qf6+ 11. Kg1 Ne5 12. Nc3 Nf3+ 13. Bxf3 gxf3 14. Kf2 Bg4 15. Ne4 Qf5 16. d3 O-O-O 17. Nxd6+ cxd6 18. e4 Qf6 19. Be3 Rh3 20. Qd2 Rdh8 21. Kg1 Qxb2 22. Rf1 Kb8 23. a4 Rc8 24. Rc1 Ka8 25. a5 f6 26. Kf2 Rch8 27. Kg1 g5 28. Rf1 Qe5 29. Qe1 Rc8 30. Rf2 Rxg3+ 31. hxg3 Qxg3+ 32. Kf1 Bh3+ 33. Rxh3 Qxh3+ 34. Kg1 Rh8 35. Rxf3 Qxf3 0-1


[Site "https://www.chess.com"]

[Event "Titled Tuesday Blitz August 24 2021"]
[White "Holt, Conrad"]
[Black "Chernobay, Artem"]
[WhiteFideId "2034387"]
[BlackFideId "4167406"]
[WhiteElo "2586"]
[BlackElo "2480"]
[Result "1-0"]
[Round "04"]
[TimeControl "180+1"]
[Date "2021.08.24"]
[WhiteClock "0:01:14"]
[BlackClock "0:00:29"]

1. d4 Nf6 2. c4 g6 3. Nc3 Bg7 4. e4 d6 5. Nf3 O-O 6. h3 e5 7. dxe5 dxe5 8. Qxd8 Rxd8 9. Bg5 c6 10. Nxe5 Re8 11. O-O-O Na6 12. Nf3 Nc5 13. e5 Nfd7 14. Be3 Ne6 15. Ne4 Nxe5 16. Nd6 Rd8 17. Be2 Nxf3 18. Bxf3 Be5 19. c5 a5 20. Rhe1 Bf6 21. Bg4 h5 22. Nxc8 hxg4 23. Nb6 Rxd1+ 24. Rxd1 Re8 25. hxg4 Be7 26. Na4 f5 27. gxf5 gxf5 28. g3 Nf8 29. Rd4 Kf7 30. Kc2 Ke6 31. Bf4 Nd7 32. Bd6 Bf6 33. Rd2 Rh8 34. Re2+ Kd5 35. Be7 Bd4 36. Rd2 Rh2 37. Nc3+ Ke5 38. f4+ 1-0


[Site "https://www.chess.com"]

[Event "Titled Tuesday Blitz August 24 2021"]
[White "Hovhannisyan, Robert"]
[Black "Maltsevskaya, Aleksandra"]
[WhiteFideId "13302507"]
[BlackFideId "24174041"]
[WhiteElo "2669"]
[BlackElo "2225"]
[Result "1-0"]
[Round "04"]
[TimeControl "180+1"]
[Date "2021.08.24"]
[WhiteClock "0:00:56"]
[BlackClock "0:00:19"]

1. Nc3 d5 2. Nf3 c6 3. e4 Bg4 4. d4 dxe4 5. Nxe4 Nd7 6. h3 Bxf3 7. Qxf3 Ngf6 8. c3 e5 9. Nxf6+ Qxf6 10. Qxf6 gxf6 11. Be3 Nb6 12. O-O-O Nd5 13. Kc2 Nxe3+ 14. fxe3 Bh6 15. e4 Ke7 16. d5 cxd5 17. Rxd5 Rad8 18. Bc4 Rxd5 19. Bxd5 b6 20. a4 Be3 21. Re1 Bf4 22. Kb3 h5 23. Kb4 Rd8 24. g4 hxg4 25. hxg4 Rc8 26. Rh1 Be3 27. Rh7 Rf8 28. Kb5 Kd6 29. Ka6 Bc1 30. b4 Bd2 31. Rh3 Rc8 32. Rd3 1-0


[Site "https://www.chess.com"]

[Event "Titled Tuesday Blitz August 24 2021"]
[White "Ibarra Jerez, Jose Carlos"]
[Black "Bai, Adelard"]
[WhiteFideId "2226332"]
[BlackFideId "16301188"]
[WhiteElo "2602"]
[BlackElo "2120"]
[Result "1-0"]
[Round "04"]
[TimeControl "180+1"]
[Date "2021.08.24"]
[WhiteClock "0:00:05"]
[BlackClock "0:00:04"]

1. e4 e5 2. Nf3 Nc6 3. d4 exd4 4. Nxd4 Nf6 5. Nxc6 bxc6 6. Bd3 Bc5 7. e5 Nd5 8. Qg4 Kf8 9. O-O d6 10. Qa4 Be6 11. exd6 Bxd6 12. Nd2 Nf4 13. Be4 Ne2+ 14. Kh1 Nxc1 15. Raxc1 Bf4 16. Qb4+ Qd6 17. Qxd6+ cxd6 18. Rcd1 d5 19. Bd3 Bxd2 20. Rxd2 f6 21. Re1 Kf7 22. Rde2 Rae8 23. Kg1 g6 24. f4 Bd7 25. Kf2 Rxe2+ 26. Rxe2 a5 27. c4 d4 28. c5 Be6 29. a3 Rb8 30. Ke1 Rb3 31. Rxe6 Rxd3 32. Rxc6 Rb3 33. Rb6 Re3+ 34. Kd2 Re4 35. g3 Re3 36. c6 Ke7 37. Rb7+ Kd6 38. Rd7+ Kxc6 39. Rxd4 Rb3 40. Kc2 Rf3 41. Rd3 Rf2+ 42. Rd2 Rf1 43. Kd3 Rb1 44. Kc3 Rc1+ 45. Kd4 Kd6 46. b4 axb4 47. axb4 Kc6 48. Re2 Rd1+ 49. Kc4 Rc1+ 50. Kd4 Rd1+ 51. Kc3 Rc1+ 52. Rc2 Rb1 53. Kc4 Kb6 54. Re2 Rc1+ 55. Kd5 Rc6 56. Re6 Rxe6 57. Kxe6 Kb5 58. Kxf6 1-0


[Site "https://www.chess.com"]

[Event "Titled Tuesday Blitz August 24 2021"]
[White "Indjic, Aleksandar"]
[Black "Sharma, Dinesh K."]
[WhiteFideId "911925"]
[BlackFideId "5004110"]
[WhiteElo "2643"]
[BlackElo "2392"]
[Result "1-0"]
[Round "04"]
[TimeControl "180+1"]
[Date "2021.08.24"]
[WhiteClock "0:01:23"]
[BlackClock "0:01:43"]

1. e4 e6 2. d3 c5 3. g3 h5 4. Nh3 h4 5. g4 d5 6. Nd2 Nc6 7. f4 Nf6 8. g5 Nd7 9. Bg2 d4 10. a4 b6 11. Nc4 Bb7 12. O-O Qc7 13. g6 f6 14. Qg4 O-O-O 15. Qxe6 Nb4 16. Rf2 Qc6 17. Qxc6+ Bxc6 18. b3 Be7 19. Ba3 Na6 20. f5 Ne5 21. Nf4 Nb8 22. Ne6 Rdg8 23. Nxe5 fxe5 24. Bc1 Nd7 25. Bh3 Nf6 26. Ng5 Re8 27. Nf7 Rhg8 28. Nxe5 Bb7 29. Nc4 1-0


[Site "https://www.chess.com"]

[Event "Titled Tuesday Blitz August 24 2021"]
[White "Jacobson, Aaron"]
[Black "Ivanchuk, Vasyl"]
[WhiteFideId "2089912"]
[BlackFideId "14100010"]
[WhiteElo "2265"]
[BlackElo "2710"]
[Result "1/2-1/2"]
[Round "04"]
[TimeControl "180+1"]
[Date "2021.08.24"]
[WhiteClock "0:00:06"]
[BlackClock "0:00:02"]

1. e4 e5 2. d4 exd4 3. Qxd4 Nc6 4. Qd3 g6 5. Nc3 Bg7 6. Bf4 d6 7. O-O-O Nge7 8. f3 O-O 9. h4 f5 10. Qd2 Be6 11. h5 Qd7 12. hxg6 Nxg6 13. Bh6 Bxh6 14. Rxh6 f4 15. Nd5 Nce5 16. Ne2 Bxd5 17. exd5 Qg7 18. Rh5 Nc4 19. Qd4 Ne3 20. Re1 Rae8 21. Qxg7+ Kxg7 22. Nd4 Rf7 23. Ne6+ Kf6 24. c4 c6 25. Bd3 cxd5 26. cxd5 Ree7 27. Rxe3 Rc7+ 28. Nxc7 Rxc7+ 29. Kd2 fxe3+ 30. Kxe3 Kg7 31. f4 Rc1 32. Kd2 Rg1 33. Bxg6 Rxg2+ 34. Kc3 hxg6 35. Rg5 Rf2 36. Rg4 Kf6 37. a4 a5 38. b4 axb4+ 39. Kxb4 Rc2 40. Rg5 Rc5 41. a5 Kf7 42. Kb3 Kf6 43. Kb4 Kf7 44. f5 gxf5 45. Rxf5+ Ke7 46. Rh5 Kd7 47. Rh7+ Kc8 48. Rh8+ Kc7 49. Rh5 Rc2 50. Rh7+ Kc8 51. Rh6 Kc7 52. Rh7+ Kc8 53. Rh6 Kc7 54. Rh7+ 1/2-1/2


[Site "https://www.chess.com"]

[Event "Titled Tuesday Blitz August 24 2021"]
[White "Janaszak, Dawid"]
[Black "Rastbod, Ali"]
[WhiteFideId "1119206"]
[BlackFideId "12567477"]
[WhiteElo "2332"]
[BlackElo "2226"]
[Result "1-0"]
[Round "04"]
[TimeControl "180+1"]
[Date "2021.08.24"]
[WhiteClock "0:00:15"]
[BlackClock "0:00:27"]

1. d4 Nf6 2. Nf3 c5 3. d5 b5 4. e4 Nxe4 5. Bd3 Nd6 6. O-O g6 7. Re1 Bg7 8. Bg5 f6 9. Bf4 O-O 10. Bxd6 exd6 11. Bxb5 Qb6 12. Bf1 Qxb2 13. Nbd2 Qb6 14. Rb1 Qc7 15. Re7 f5 16. Qe1 Bf6 17. Re8 Kf7 18. Rxf8+ Kxf8 19. h4 Na6 20. Nc4 Nb4 21. Qd2 Ba6 22. c3 Nxa2 23. Qxa2 Bxc4 24. Qxc4 a5 25. g4 fxg4 26. Qxg4 a4 27. h5 a3 28. Qf4 Qd8 29. Bc4 Kg7 30. h6+ Kh8 31. Ba2 Bxc3 32. Qxd6 Qf6 33. Rb8+ 1-0


[Site "https://www.chess.com"]

[Event "Titled Tuesday Blitz August 24 2021"]
[White "Jarovinsky, Alexey"]
[Black "Gontcharov, Vladislav"]
[WhiteFideId "14115131"]
[BlackFideId "4123492"]
[WhiteElo "2446"]
[BlackElo "2503"]
[Result "0-1"]
[Round "04"]
[TimeControl "180+1"]
[Date "2021.08.24"]
[WhiteClock "0:00:01"]
[BlackClock "0:00:14"]

1. Nc3 d5 2. e4 e6 3. g3 Nf6 4. Bg2 dxe4 5. Nxe4 Nxe4 6. Bxe4 Nd7 7. Bg2 e5 8. Nf3 Bc5 9. O-O O-O 10. Re1 Re8 11. d4 exd4 12. Rxe8+ Qxe8 13. Bf4 c6 14. Nxd4 Nf6 15. Qd3 Bg4 16. h3 Rd8 17. c3 Be6 18. Re1 Bxd4 19. cxd4 Nd5 20. Bg5 f6 21. Bd2 Qd7 22. h4 Bf7 23. Kh2 Nb6 24. Bc3 Bxa2 25. Bh3 Qd6 26. h5 Bf7 27. h6 Nd5 28. hxg7 Kxg7 29. Bd2 Re8 30. Ra1 a6 31. Qf3 Bg6 32. Qg4 h5 33. Qf3 Qc7 34. Ba5 Qe7 35. Re1 Qf7 36. Bf5 Rxe1 37. Bxe1 Qe7 38. Bxg6 Kxg6 39. Qd3+ f5 40. Bc3 Qe4 41. Qd2 f4 42. Ba5 fxg3+ 43. fxg3 Ne3 44. Kg1 Nf5 45. Bc3 Nxg3 46. d5 cxd5 47. Kf2 h4 48. Qd1 Qf4+ 0-1


[Site "https://www.chess.com"]

[Event "Titled Tuesday Blitz August 24 2021"]
[White "Kamsky, Gata"]
[Black "Real De Azua, Ernesto"]
[WhiteFideId "2000024"]
[BlackFideId "108154"]
[WhiteElo "2644"]
[BlackElo "2476"]
[Result "1-0"]
[Round "04"]
[TimeControl "180+1"]
[Date "2021.08.24"]
[WhiteClock "0:00:26"]
[BlackClock "0:00:07"]

1. d4 Nf6 2. Nf3 b6 3. Bf4 Bb7 4. e3 d6 5. h3 g6 6. a4 a6 7. Nbd2 Bg7 8. c3 O-O 9. Bc4 e6 10. O-O Ne4 11. Nxe4 Bxe4 12. Nd2 Bb7 13. e4 Nd7 14. Re1 Qe7 15. Nf3 e5 16. Bg5 Bf6 17. Bh6 Bg7 18. Qd2 Nf6 19. Bg5 Rad8 20. Qe2 exd4 21. cxd4 Qxe4 22. Qxe4 Nxe4 23. Bxd8 Rxd8 24. Bxa6 Bxa6 25. Rxe4 Bf6 26. Rc1 c5 27. dxc5 dxc5 28. b4 Bd3 29. Rf4 Be7 30. Ne5 Bg5 31. Rf3 Bxc1 32. Nxd3 cxb4 33. Nxb4 Bg5 34. Rb3 Rd1+ 35. Kh2 Bf4+ 36. g3 Bd6 37. Nd3 Bc5 38. a5 Bxf2 39. Nxf2 Rd2 40. axb6 Rxf2+ 41. Kg1 1-0


[Site "https://www.chess.com"]

[Event "Titled Tuesday Blitz August 24 2021"]
[White "Karttunen, Mika"]
[Black "Isajevsky, Anton"]
[WhiteFideId "502081"]
[BlackFideId "4142500"]
[WhiteElo "2343"]
[BlackElo "2510"]
[Result "1-0"]
[Round "04"]
[TimeControl "180+1"]
[Date "2021.08.24"]
[WhiteClock "0:00:10"]
[BlackClock "0:00:02"]

1. d4 d5 2. c4 e6 3. Nc3 a6 4. cxd5 exd5 5. Bf4 Nf6 6. e3 Bd6 7. Bg3 O-O 8. Bd3 Re8 9. Qc2 c6 10. Nf3 Bg4 11. Bh4 h6 12. h3 Bxf3 13. gxf3 g5 14. Rg1 Nh5 15. Ne2 Kf8 16. Bg3 Nxg3 17. Nxg3 Bxg3 18. Rxg3 Qd6 19. Rg2 Nd7 20. O-O-O Nf6 21. Kb1 Ke7 22. Bf5 Kd8 23. e4 Qf4 24. e5 Nd7 25. Rg3 Nf8 26. a3 Ne6 27. Bxe6 fxe6 28. Rd3 Re7 29. Rb3 1-0


[Site "https://www.chess.com"]

[Event "Titled Tuesday Blitz August 24 2021"]
[White "Korchmar, Vasiliy"]
[Black "Zhou, Jianchao"]
[WhiteFideId "24131750"]
[BlackFideId "8603537"]
[WhiteElo "2370"]
[BlackElo "2462"]
[Result "0-1"]
[Round "04"]
[TimeControl "180+1"]
[Date "2021.08.24"]
[WhiteClock "0:00:01"]
[BlackClock "0:00:09"]

1. e4 c5 2. Nf3 d6 3. d4 cxd4 4. Nxd4 Nf6 5. Nc3 a6 6. Be2 e6 7. f4 Be7 8. g4 d5 9. e5 Ne4 10. Nxe4 dxe4 11. Be3 O-O 12. Qd2 Qc7 13. O-O-O b5 14. Qe1 Nd7 15. Qg3 Bb7 16. Kb1 Rac8 17. h4 Bd5 18. f5 Nxe5 19. f6 Bxf6 20. Bf4 Qa5 21. Bxe5 Qxa2+ 22. Kc1 Bxe5 23. Qxe5 Qa1+ 24. Kd2 Qxb2 25. Ke1 Qc3+ 26. Kf1 f6 27. Qf4 e5 28. Qf5 g6 29. Qd7 Rcd8 30. Nxb5 axb5 31. Qxb5 Bc6 32. Qb6 Rxd1+ 33. Bxd1 e3 34. Rh3 Qd4 35. Qb3+ Bd5 0-1


[Site "https://www.chess.com"]